 BcadrenCrawl: Boulder Brew version 0.06-688-g08e91b2d95 (webtiles) character file.

Game seed: 10920069354337876794

4 pipel the Firebug (level 1, 0/3 HPs) Fairy Fire Elementalist. Began on Dec 27, 2022. Slain by a hobgoblin (1 damage) ... on level 1 of the Dungeon on Jan 2, 2023. The game lasted 00:01:36 (50 turns).

pipel the Firebug (Fairy Fire Elementalist)           Turns: 50, Time: 00:01:37

Health: 0/3        AC:  0    Str:  2    XL:     1 ^: 6
Magic:  3/3        EV: 20    Int: 17    God:
Gold:   0          SH:  0    Dex: 17    Spells: 4/5 levels left

rFire    . . .     Slash    +   (no jewelry)
rCold    . . .     Pierce   +
rNeg     . . .     Bludgeon +
rCorr    . . .     Vision   .
rPois    .         Gourm    .
rElec    .         Faith    .
MR       .....     Spirit   .
HPRegen  0.11/turn Reflect  .
MPRegen  0.13/turn Harm     .
Stlth    +.........

@: glowing, slow
A: tiny, no armour or weapons, only one jewelry slot, no melee attacks, fairy
magic, fairy shield, decreased potion and divine healing, unfitting armour,
flight, slowness 1, fairy light 1, insubstantial
a: Fly


You were on level 1 of the Dungeon.
You were not hungry.

You visited 1 branch of the dungeon, and saw 1 of its levels.

Inventory:

Potions
 a - 2 potions of curing
 d - a potion of berserk rage
Comestibles
 b - 2 rations
 c - 4 chunks of flesh


   Skills:
 + Level 2.7 Dodging
 - Level 1.4 Stealth
 + Level 2.5 Spellcasting
 + Level 3.5 Fire Magic


You had 4 spell levels left.
You knew the following spells:

 Your Spells              Type           Power        Failure   Level  Hunger
a - Foxfire               Fire           14 (25)      4%          1    0-17

Your spell library contained the following spells:

 Spells                   Type           Power        Failure   Level  Hunger
 Searing Ray Fire 14 (50) 7% 2 37-77 Conjure Flame Fire 14 (100) 13% 3 77-137 Inner Flame Hex/Fire 8 (100) 26% 3 77-137 Sticky Flame Fire/Pois 8 (100) 65% 4 157-257 Fireball Fire           14 (200)     77%         5    277-437


Dungeon Overview and Level Annotations

Branches:
Dungeon (1/8)

Altars:


Innate Abilities, Weirdness & Mutations

You are too small to use any gear.
You can wear a single ring or amulet completely around your body.
You are incapable of melee of any kind.
Your magic reserves are extremely low but spells that normally cost one mana are free and all other spells cost one mana.
You are extremely frail but all attacks that strike you do exactly one damage.
The effect of potions and godly healing effects is reduced to match your tiny health and magic reserves.
You are able to fly continuously.
You cover ground slowly.
You exude a bright light in a small radius around yourself.
Your insubstantial form grants resistance to all physical attack and full immunity to sticky flames, nets and constriction. (rPhysical+)


Message History

c - 4 chunks of flesh (gained 2)
Things that are here:
a +0 club; a goblin skeleton
Things that are here:
a +0 club; a goblin skeleton
b - 2 rations (gained 1)
d - a potion of berserk rage A hobgoblin comes into view.
The hobgoblin shouts!
Casting: Foxfire (safe; 4% risk of failure)
Confirm with . or Enter, or press ? or * to list all spells.
You conjure some foxfire!
The hobgoblin hits you (4).
Unknown command.
The foxfire hits the hobgoblin (4).
The hobgoblin is severely wounded. (2/6) HP The hobgoblin hits you (3).
Casting: Foxfire (safe; 4% risk of failure)
Confirm with . or Enter, or press ? or * to list all spells.
You conjure some foxfire!
The hobgoblin hits you (4).
You die...

..8.....8........##..
#..##.######.......#
#. .#.....#..#+###.#
# ..........#.###.###
#########..........
........#.###.##
#########.# #*#
#@###.# #*g...#
#.##### #.# #.# #.#
###


You could see a hobgoblin.

Vanquished Creatures
  2 goblins (D:1)
  2 kobolds (D:1)
4 creatures vanquished.

Vanquished Creatures (others)
  16 foxfires (D:1)
16 creatures vanquished.

Grand Total: 20 creatures vanquished

Notes
Turn   | Place    | Note
-------+----------+-------------------------------------------
     0 | D:1      | pipel the Fairy Fire Elementalist began the quest for the
                  | Orb.
     0 | D:1      | Reached XP level 1. HP: 3/3 MP: 3/3
    50 | D:1      | Slain by a hobgoblin

Illustrated notes

Levels and vault maps discovered:
D:1:      scummos_arrival_simple_crosswalls, layout_basic, portal_sewer_entry_d

Action                   || total
-------------------------++-------
 Cast: Foxfire           ||    13
